 Dungeon Crawl Stone Soup version 0.30-a0-691-g754fce4c43 (webtiles) character file.

Game seed: 9172591904932624617

1224 lessens the Carver (level 8, -24/46 HPs)
             Began as a Tengu Berserker on Jan 20, 2023.
             Was an Elder of Trog.
             Hit by a large rock thrown by a cyclops (28 damage)
             ... on level 6 of the Dungeon.
             The game lasted 00:05:23 (5298 turns).

lessens the Carver (Tengu Berserker)                Turns: 5298, Time: 00:05:24

Health: -24/46     AC:  9    Str: 20    XL:     8   Next: 47%
Magic:  9/9        EV: 10    Int:  8    God:    Trog [****..]
Gold:   273        SH:  0    Dex: 13    Spells: 7/7 levels left

rFire   . . .      SeeInvis .    a - +0 falchion
rCold   + . .      Faith    .    (no shield)
rNeg    . . .      Spirit   .    m - +1 chain mail {rC+}
rPois   .          Reflect  .    (helmet restricted)
rElec   .          Harm     .    (no cloak)
rCorr   .          Rampage  .    (no gloves)
Will    .....                    (boots unavailable) Stlth
                                 (no amulet)
HPRegen 0.27/turn                (no ring)
MPRegen 0.11/turn                (no ring)

@: flying quickly and evasively, quick
A: beak, talons 3, nimble flight
a: Renounce Religion, Berserk, Trog's Hand, Brothers in Arms


You were on level 6 of the Dungeon.
You worshipped Trog.
Trog was greatly pleased with you.
You visited 1 branch of the dungeon, and saw 6 of its levels.

You collected 273 gold pieces.

Inventory:

Hand Weapons
 a - a +0 falchion (weapon)
Missiles
 d - 63 stones (quivered)
 g - 14 poisoned darts
 n - 6 boomerangs
Armour
 b - a +0 animal skin
 m - a +1 chain mail of cold resistance (worn)
Jewellery
 q - a +6 ring of strength
Wands
 u - a wand of paralysis (5)
Scrolls
 c - a scroll of teleportation {unknown}
 e - 4 scrolls of identify {unknown}
 h - a scroll of immolation {unknown}
 k - a scroll of enchant armour {unknown}
 o - a scroll of poison {unknown}
 t - 2 scrolls of blinking {unknown}
 v - a scroll of fear {unknown}
Potions
 f - a potion of heal wounds
 i - 2 potions of haste {unknown}
 j - a potion of might {unknown}
 l - a potion of flight {unknown}
 p - 3 potions of mutation {unknown}
 r - a potion of ambrosia {unknown}
 s - 2 potions of degeneration {unknown}


   Skills:
 - Level 3.0 Fighting
 * Level 10.9 Long Blades
 - Level 2.1 Armour
 + Level 3.7 Dodging


You had 7 spell levels left.
You didn't know any spells.
Your spell library was empty.

Dungeon Overview and Level Annotations

Branches:
Dungeon (6/15) Zot: 26459
 Temple: D:4-7

Altars:
Elyvilon
Fedhas
Vehumet
Zin


Innate Abilities, Weirdness & Mutations

You have a beak for a mouth.
You have claws for feet.
Your magical nature lets you fly swiftly and evasively.


Message History

You kill the orc!
Trog accepts your kill.
Items here: )) [[ ††.
d - 63 stones (gained 5)
You see here a +0 hand axe.
Items here: )) [[ ††.
Things that are here:
a +0 dagger; a +0 robe; a book of the Hunter You see here a +0 flail.
Things that are here:
a +4 war axe; an orc corpse HP restored.
Things that are here:
a +4 war axe; an orc corpse A sourceless malevolence fills the Dungeon... and a teleportation trap spontaneously manifests!
You are yanked towards some nearby monsters!
Your surroundings suddenly seem different.
An orc, an iguana, an ice beast, an ogre, an adder, 2 cyclopes, a troll, a slime creature and 2 centaurs come into view.
Found 2 ruby potions.
The orc shouts!
The iguana hisses angrily.
The ogre shouts!
The adder hisses angrily.
The cyclops shouts! x2; The centaur shouts!
The troll shouts!
The centaur wields a +0 shortbow.
The centaur shoots an arrow.
The arrow hits you!
There are monsters nearby!
Unknown command.
Unknown command.
You reach down and open the door.
The cyclops hits you!! The troll bites you but does no damage.
The troll claws you!
* * * LOW HITPOINT WARNING * * *
The troll claws you.
* * * LOW HITPOINT WARNING * * *
Found 322 gold pieces.
Found 130 gold pieces and a scroll labelled WALIBY GONN.
The troll closely misses you. The troll claws you.
* * * LOW HITPOINT WARNING * * *
The troll completely misses you.
The cyclops throws a large rock.
The large rock hits you!!
Ouch! That really hurt!
You die...

#.........#
#.....!...#
#.........#
#.........#
#....ol.c.#
#.Y.......#
#...CSO...#
#..cT.JC..#
#####@#####
#$$$$$$$$$#
#$$$$$$$$$#
#?$$$$$$$$#
#$$$$$$$$$#
###########
.. #.# ...
#.#


You could see a slime creature, 2 cyclopes, a troll, an ice beast, an ogre, 2
centaurs, an iguana, an adder and an orc.

Vanquished Creatures
  A water moccasin (D:5)
  An ogre (D:4)
  Blork the orc (D:4)
  2 necrophages
  5 scorpions
  5 hounds
  A gnoll bouda (D:6)
  2 orc priests
  A jelly (D:5)
  2 iguanas
  An orc wizard (D:6)
  5 adders
  6 gnolls
  A white imp (D:5)
  2 dart slugs (D:4)
  A worm (D:5)
  8 orcs
  7 endoplasms
  2 giant cockroaches (D:2)
  5 goblins
  11 hobgoblins
  6 jackals
  4 quokkas
  3 ball pythons
  5 bats
  2 frilled lizards
  6 kobolds
  7 rats
103 creatures vanquished.

Notes
Turn   | Place    | Note
-------+----------+-------------------------------------------
     0 | D:1      | lessens the Tengu Berserker began the quest for the Orb.
     0 | D:1      | Reached XP level 1. HP: 14/14 MP: 2/2
   176 | D:1      | Reached XP level 2. HP: 19/19 MP: 3/3
   218 | D:1      | Found a faded altar of an unknown god.
   281 | D:1      | Reached skill level 4 in Long Blades
   706 | D:2      | Reached ** piety under Trog
   734 | D:2      | Reached XP level 3. HP: 23/23 MP: 4/4
  1077 | D:2      | Reached skill level 5 in Long Blades
  1280 | D:2      | Reached XP level 4. HP: 21/28 MP: 5/5
  2363 | D:4      | Reached skill level 6 in Long Blades
  2478 | D:4      | Noticed a necrophage
  2480 | D:4      | Gained mutation: Your magical nature lets you fly swiftly
                  | and evasively. [Tengu growth]
  2480 | D:4      | Reached XP level 5. HP: 32/32 MP: 6/6
  2484 | D:4      | Reached *** piety under Trog
  2493 | D:4      | Reached skill level 7 in Long Blades
  2545 | D:4      | Noticed Blork the orc
  2556 | D:4      | Killed Blork the orc
  2557 | D:4      | Reached XP level 6. HP: 20/37 MP: 7/7
  2820 | D:4      | Found a glowing silver altar of Zin.
  2823 | D:4      | Found a blossoming altar of Fedhas.
  2827 | D:4      | Found a radiant altar of Vehumet.
  3268 | D:4      | You are sucked into a shaft and drop 1 floor!
  3268 | D:5      | Entered Level 5 of the Dungeon
  3290 | D:5      | Reached skill level 8 in Long Blades
  3434 | D:5      | Reached XP level 7. HP: 38/41 MP: 8/8
  3801 | D:4      | Reached skill level 9 in Long Blades
  3971 | D:5      | Reached skill level 10 in Long Blades
  4058 | D:5      | Found a white marble altar of Elyvilon.
  4073 | D:5      | Reached XP level 8. HP: 33/46 MP: 9/9
  5165 | D:6      | Reached **** piety under Trog
  5296 | D:6      | Noticed a cyclops
  5296 | D:6      | Noticed a cyclops
  5296 | D:6      | Noticed a troll
  5296 | D:6      | Noticed a slime creature
  5298 | D:6      | Hit by a large rock thrown by a cyclops

Illustrated notes

Levels and vault maps discovered:
D:1:      noname_arrival_rooms_in_the_neighbourhood, layout_loops_ring,
          ebering_ecumenical_altar_petrified
D:2:      layout_basic, chequers_serial_rivers_micro_c
D:3:      layout_loops_ring, amcnicky_mini_corridor_feature
D:4:      layout_loops_corners, grunt_temple_overflow_diamond,
          uniq_blork_the_orc
D:5:      layout_basic, mainiacjoe_overflow_alcove_2, minmay_strange_pillars,
          nicolae_eternal_life, minmay_misc_feat_rows, minmay_misc_feat_tower,
          minivault_25, corexii_leaking_fountain, st_stairs_8,
          grunt_ministairs_11
D:6:      minmay_klotski, layout_loops_ring, st_stairs_3,
          minmay_misc_feat_plants, uniq_duvessa

Skill      XL: |  1  2  3  4  5  6  7  8 |
---------------+-------------------------+-----
Long Blades    | 4 5 6 7 8 10 | 10.9
Dodging        | 3 |  3.7
Fighting       | |  3.0
Armour         | |  2.1

Action                   |  1- 3 |  4- 6 |  7- 9 || total
-------------------------+-------+-------+-------++-------
Melee: Falchion          |    76 |   108 |   121 ||   305
       Kick              |    14 |    37 |    44 ||    95
       Peck              |     7 |    13 |    17 ||    37
       Punch             |       |     1 |     2 ||     3
Invok: Berserk           |       |     1 |     2 ||     3
       Trog's Hand       |       |     1 |       ||     1
  Use: Potion            |     1 |       |       ||     1
 Stab: Sleeping          |     5 |     2 |       ||     7
Armor: Animal skin       |    14 |     3 |       ||    17
       Chain mail        |       |    31 |    39 ||    70
Dodge: Dodged            |    39 |    36 |    48 ||   123

Table legend: (Time is in decaauts)
 A = Elapsed time spent in this place.
 B = Non-inter-level travel time spent in this place.
 C = Inter-level travel time spent in this place.
 D = Time resting spent in this place.
 E = Time spent auto-exploring this place.
 F = Levels seen in this place.
 G = Mean time per level.
                   A        B        C        D        E       F      G
               +--------+--------+--------+--------+--------+-----+--------+
         Total |   5108 |   4995 |    113 |    133 |   4152 |   6 |  851.3 |
       Dungeon |   5108 |   4995 |    113 |    133 |   4152 |   6 |  851.3 |
               +--------+--------+--------+--------+--------+-----+--------+

Top non-repeatable levels by time:
     D:4: 1169 daAuts
     D:5: 1044 daAuts
     D:2: 967 daAuts
     D:1: 706 daAuts
     D:3: 681 daAuts
     D:6: 539 daAuts
